 Dungeon Crawl Stone Soup version 0.31.0-11-ge490571c62 (webtiles) character file.

Game seed: 10616775963499449075

78 Gadfly the Trooper (level 4, 20/35 HPs)
             Began as a Demonspawn Monk on Jan 29, 2024.
             Quit the game on level 2 of the Dungeon.
             The game lasted 00:02:26 (1405 turns).

Gadfly the Trooper (Demonspawn Monk)                Turns: 1405, Time: 00:02:26

Health: 20/35      AC:  3    Str: 14    XL:     4   Next: 15%
Magic:  4/4        EV: 13    Int: 10    God:
Gold:   77         SH:  0    Dex: 15    Spells: 3/3 levels left

rFire   . .          .
                       - Unarmed
rCold   . . .        c - orb {light}
rNeg    . . .        a - +1 robe
rPois   .            (no helmet)
rElec   .            h - scarf {harm}
rCorr   .            (no gloves)
SInv    .            (no boots)
Will    .....        (no amulet)
Stlth   +            (no ring)
HPRegen 0.25/turn    (no ring)
MPRegen 0.09/turn

%: harm (+30% outgoing, +20% incoming)
@: glowing
A: claws 1, powered by pain 1
a: no special abilities


You were on level 2 of the Dungeon.
You visited 1 branch of the dungeon, and saw 2 of its levels.

You collected 77 gold pieces.

Inventory:

Hand Weapons
 k - a +1 whip of flaming
Armour
 a - a +1 robe (worn)
 c - an orb of light (worn)
 h - a scarf of harm (worn)
Scrolls
 e - a scroll of identify
 f - a scroll of blinking {unknown}
 n - a scroll of teleportation {unknown}
 o - a scroll of immolation
Potions
 b - a potion of ambrosia
 d - a potion of resistance {unknown}
 g - a potion of degeneration {unknown}
 i - a potion of attraction {unknown}
 j - a potion of berserk rage {unknown}
 l - 2 potions of magic {unknown}
 m - a potion of heal wounds


   Skills:
 + Level 3.2 Fighting
 + Level 3.0 Dodging
 * Level 3.2 Unarmed Combat
 * Level 1.6 Evocations
 * Level 1.4 Shapeshifting


You had 3 spell levels left.
You didn't know any spells.
Your spell library contained the following spells:

 Spells                   Type           Power      Damage    Failure   Level
 Magic Dart               Conj           0%         1d3       36%         1
 Sting                    Conj/Alch      0%         1d3       36%         1
 Blink                    Tloc           0%         N/A       50%         2
 Call Imp                 Summ           0%         N/A       50%         2
 Mercury Vapours          Alch/Air       0%         N/A       50%         2
 Olgreb's Toxic Radiance  Alch           0%         N/A       98%         4


Dungeon Overview and Level Annotations

Branches:
Dungeon (2/15)

Altars:


Innate Abilities, Weirdness & Mutations

You have sharp fingernails.
You sometimes gain a little power by taking damage.


Message History

You kill the adder!
No target in view!
No target in view!
No target in view!
No target in view!
No target in view!
No target in view!
o - a scroll of immolation
Things that are here:
a +0 dagger; a kobold skeleton You see here a rat skeleton.
You now have 77 gold pieces (gained 12).
Found a stone staircase leading down.
No target in view!
There is a stone staircase leading down here.
Jessica and a hobgoblin come into view.
The hobgoblin shouts!
Jessica moves out of view.
A hobgoblin is nearby!
A hobgoblin is nearby!
Jessica casts a spell at you. Pain shoots through your body!
Found a stone staircase leading up.
The hobgoblin closely misses you.
You scratch Jessica but do no damage. You scratch Jessica.
Jessica is severely wounded.
Jessica hits you with a +0 dagger. The hobgoblin hits you.
You scratch Jessica.
You kill Jessica!
The hobgoblin hits you but does no damage.
Your Dodging skill increases to level 3!
You have reached level 4!
You feel stronger.
Your demonic ancestry asserts itself...
You feel energised by your suffering.
You scratch the hobgoblin but do no damage.
The hobgoblin hits you.
Okay, then.
Unknown command.
Are you sure you want to abandon this character and quit the game? (Confirm with "yes".)

##################
.................#
.###############.#
>.# #.# ..# #.#
..# #.# ### #.#
#@# #.g).....# ###
.....####.# ...
#...... ###
.........
..#........
##.###..<##.# #
..... ..


You could see a hobgoblin.

Vanquished Creatures
  Jessica (D:2)
  2 adders (D:2)
  A dart slug (D:1)
  3 endoplasms
  2 giant cockroaches (D:1)
  5 hobgoblins (D:1)
  3 kobolds
  4 ball pythons (D:1)
  4 bats (D:1)
  3 goblins (D:1)
  4 rats
32 creatures vanquished.

Notes
Turn   | Place    | Note
-------+----------+-------------------------------------------
     0 | D:1      | Gadfly the Demonspawn Monk began the quest for the Orb.
     0 | D:1      | Reached XP level 1. HP: 18/18 MP: 1/1
   153 | D:1      | Discovered your monstrous ancestry.
   153 | D:1      | Gained mutation: You have sharp fingernails. [demonic
                  | ancestry]
   153 | D:1      | Reached XP level 2. HP: 19/24 MP: 2/2
   555 | D:1      | Reached skill level 1 in Evocations
   555 | D:1      | Reached skill level 1 in Shapeshifting
   581 | D:1      | Reached XP level 3. HP: 18/29 MP: 3/3
  1203 | D:2      | Found a faded altar of an unknown god.
  1397 | D:2      | Noticed Jessica
  1403 | D:2      | Killed Jessica
  1404 | D:2      | Gained mutation: You sometimes gain a little power by
                  | taking damage. [demonic ancestry]
  1404 | D:2      | Reached XP level 4. HP: 23/35 MP: 4/4
  1405 | D:2      | Quit the game

Illustrated notes

Levels and vault maps discovered:
D:1:      amcnicky_arrival_gap_in_the_tavern_cellar, layout_basic,
          minmay_octomino_e4
D:2:      layout_loops_ring, basic_ecumenical_altar, uniq_jessica

Skill      XL: |  1  2  3 |
---------------+----------+-----
Unarmed Combat | 3 |  3.2
Evocations     | 1 |  1.6
Shapeshifting  | 1 |  1.4
Dodging        | 3 |  3.0
Fighting       | |  3.2

Action                     |  1- 3 |  4- 6 || total
---------------------------+-------+-------++-------
  Melee: Unarmed           |    92 |     1 ||    93
    Use: Scroll            |     6 |       ||     6
 Armour: Robe              |    39 |     1 ||    40
  Dodge: Dodged            |    46 |       ||    46
